 Dungeon Crawl Stone Soup version 0.31.0-32-g396128a36d (webtiles) character file.

Game seed: 16509272942236244763

77 mainiacjoe the Magician (level 4, -2/27 HPs)
             Began as an Octopode Hedge Wizard on Mar 30, 2024.
             Was an Initiate of Ru.
             Slain by an orc wizard
             ... wielding a +0 dagger
              (4 damage)
             ... on level 4 of the Dungeon.
             The game lasted 00:09:58 (3693 turns).

mainiacjoe the Magician (Octopode Hedge Wizard)     Turns: 3693, Time: 00:09:58

Health: -2/27      AC:  1    Str:  9    XL:     4   Next: 34%
Magic:  7/9        EV: 12    Int: 30    God:    Ru [......]
Gold:   166        SH:  0    Dex: 11    Spells: 4/9 levels left

rFire   . . .        b - +0 spear
rCold   . . .        i - +2 buckler
rNeg    . . .        j - +0 hat
rPois   .            q - amulet of faith
rElec   .            k - +6 ring of intelligence
rCorr   .            p - +6 ring of intelligence
SInv    .            (no ring)
Will    .....        (no ring)
Stlth   ++           (no ring)
HPRegen 0.24/turn    (no ring)
MPRegen 0.11/turn    (no ring)
                     (no ring)

%: faith
@: confused
A: almost no armour, amphibious, 8 rings, camouflage 1, gelatinous body 1,
(nimble swimmer 1), tentacles
a: Renounce Religion


You were on level 4 of the Dungeon.
You worshipped Ru.
Ru was noncommittal.
You visited 1 branch of the dungeon, and saw 4 of its levels.

You collected 166 gold pieces.

Inventory:

Hand Weapons
 a - a +0 short sword
 b - a +0 spear (weapon)
 e - a +0 dagger
Missiles
 d - 29 stones
 h - 3 boomerangs
Armour
 i - a +2 buckler (worn)
 j - a +0 hat (worn)
Jewellery
 k - a +6 ring of intelligence (left tentacle)
 p - a +6 ring of intelligence (right tentacle)
 q - an amulet of faith (around mantle)
Potions
 c - a potion of magic
 f - 2 potions of attraction
 g - 3 potions of curing
 l - a potion of heal wounds
 m - a potion of resistance {unknown}
 n - a potion of lignification {unknown}
 o - a potion of mutation {unknown}


   Skills:
 - Level 2.0 Dodging
 - Level 2.6 Stealth
 + Level 0.5 Shields
 + Level 3.4 Spellcasting
 + Level 2.6 Conjurations
 * Level 2.3 Summonings
 - Level 1.0 Translocations


You had 4 spell levels left.
You knew the following spells:

 Your Spells              Type           Power      Damage    Failure   Level
a - Magic Dart            Conj           84%        1d7       3%          1
b - Call Imp              Summ           38%        N/A       6%          2
k - Blink                 Tloc           22%        N/A       11%         2

Your spell library contained the following spells:

 Spells                   Type           Power      Damage    Failure   Level
 Slow                     Hex            20%        N/A       11%         1
 Cigotuvi's Dreadful Rot  Necr/Alch/Air  10%        N/A       16%         2
 Mephitic Cloud           Conj/Alch/Air  10%        N/A       22%         3


Dungeon Overview and Level Annotations

Branches:
Dungeon (4/15)
 Temple: D:4-7

Altars:
Ru

Annotations:
D:4 1 exclusion


Innate Abilities, Weirdness & Mutations

You cannot wear most types of armour.
You are amphibious.
You can wear up to eight rings at the same time.
Your skin changes colour to match your surroundings (Stealth+).
Your rubbery body absorbs attacks. (AC +1, EV +1)
((You are camouflaged when in or above water. (Stealth+)))
You have tentacles for arms and can constrict up to eight enemies at once.


Message History

Something barely misses you.
The orc barely misses your cerulean imp.
Your cerulean imp hits the orc with a -3 spear.
You miss something. Something hits you.
The orc barely misses your cerulean imp.
Your cerulean imp hits the orc but does no damage.
You hit something. Your squeeze misses something.
You hear some strange, mumbled words.
You are confused.
The orc hits your cerulean imp with a +0 club.
Your cerulean imp completely misses the orc.
Something barely misses you.
The orc hits your cerulean imp with a +0 club.
You miss something. Your squeeze misses something.
Your cerulean imp hits the orc with a -3 spear.
The orc dies!
Something hits you but does no damage.
You hear some strange, mumbled words.
You are more confused.
Things that are here:
a +0 short sword; an orc corpse You closely miss something.
Your squeeze misses something. Something barely misses you.
You closely miss your cerulean imp.
Your cerulean imp is moderately wounded.
Your cerulean imp disappears in a puff of smoke!
Something hits you.
You hear some strange, mumbled words.
A magic dart appears from out of thin air!
The magic dart hits you!
You see here a +0 club.
You bump into the rock wall.
Something hits you.
* * * LOW HITPOINT WARNING * * *
You hear the slow rusting of a drain nearby.
Something hits you.
* * * LOW HITPOINT WARNING * * *
You completely miss something. Something hits you.
* * * LOW HITPOINT WARNING * * *
Something hits you.
You die...

#.# ..# #.# ...#
#.##.. #.#.#
##..# ######..#
## ##....).##
#.# #...###{.##
#..
.<.#...).@.###.#
.#...######.#.#
## ##.# ##.#
#..# .. #.## #.#
####.## ...
#.....#
#.##.....####


There were no monsters in sight!

Vanquished Creatures
  2 dart slugs
  A ribbon worm (D:3)
  5 ball pythons
  8 endoplasms
  3 giant cockroaches
  6 goblins
  6 hobgoblins
  2 kobolds
  3 quokkas
  5 bats
  3 frilled lizards
  8 rats
52 creatures vanquished.

Vanquished Creatures (collateral kills)
  2 orcs (D:4)
  A goblin (D:2)
  2 hobgoblins (D:2)
  A quokka (D:1)
  A ball python (D:1)
  2 kobolds (D:1)
9 creatures vanquished.

Grand Total: 61 creatures vanquished

Notes
Turn   | Place    | Note
-------+----------+-------------------------------------------
     0 | D:1      | mainiacjoe the Octopode Hedge Wizard began the quest for
                  | the Orb.
     0 | D:1      | Reached XP level 1. HP: 11/11 MP: 4/4
   125 | D:1      | Found a faded altar of an unknown god.
   407 | D:1      | Reached XP level 2. HP: 11/17 MP: 0/6
   542 | D:1      | Learned a level 2 spell: Call Imp
   545 | D:1      | Learned a level 2 spell: Blink
  1047 | D:1      | Reached XP level 3. HP: 21/21 MP: 1/7
  2651 | D:2      | Reached XP level 4. HP: 27/27 MP: 6/9
  3022 | D:3      | Identified the +1 leather armour "Kotyxt" {MP+9}
  3330 | D:3      | Found a sacrificial altar of Ru.
  3555 | D:3      | Became a worshipper of Ru the Awakened
  3693 | D:4      | Slain by an orc wizard

Illustrated notes

Levels and vault maps discovered:
D:1:      dpeg_arrival_line_fractal, layout_basic, basic_ecumenical_altar,
          st_stairs_1
D:2:      layout_basic
D:3:      layout_basic, mainiacjoe_overflow_alcove_4
D:4:      layout_loops_ring, gup_sewer_entry_spiral

Skill      XL: |  1  2  3 |
---------------+----------+-----
Conjurations   | 2 |  2.6
Summonings     | 2 |  2.3
Dodging        | |  2.0
Stealth        | |  2.6
Shields        | |  0.5
Spellcasting   | |  3.4
Translocations | |  1.0

Action                     |  1- 3 |  4- 6 || total
---------------------------+-------+-------++-------
  Melee: Dagger            |     5 |       ||     5
         Constrict         |     3 |     2 ||     5
         Tentacles         |     2 |       ||     2
         Short sword       |     6 |       ||     6
         Spear             |     5 |    17 ||    22
   Cast: Magic Dart        |    92 |    21 ||   113
         Call Imp          |     9 |     3 ||    12
    Use: Scroll            |     2 |     4 ||     6
   Stab: Sleeping          |       |     2 ||     2
 Armour: Skin              |    18 |    12 ||    30
  Dodge: Dodged            |    20 |     5 ||    25
  Block: Buckler           |     1 |     1 ||     2
